 Dungeon Crawl Stone Soup version 0.29.1-1-gd02db6906a (webtiles) character file.

Game seed: 10611223796709379907

343 Demigod47 the Cudgeller (level 6, 42/56 HPs)
             Began as a Minotaur Fighter on Oct 11, 2022.
             Quit the game on level 3 of the Dungeon.
             The game lasted 00:04:47 (2194 turns).

Demigod47 the Cudgeller (Minotaur Fighter)          Turns: 2194, Time: 00:04:47

Health: 42/56      AC:  7    Str: 23    XL:     6   Next: 31%
Magic:  5/5        EV:  9    Int:  5    God:
Gold:   104        SH:  4    Dex:  9    Spells: 5/5 levels left

rFire   . . .      SeeInvis .   a - +0 flail
rCold   . . .      Faith    .   c - +0 buckler
rNeg    . . .      Spirit   +   b - +0 scale mail
rPois   .          Reflect  .   (helmet restricted)
rElec   .          Harm     .   (no cloak)
rCorr   .          Rampage  .   (no gloves)
Will    .....                   (no boots)
Stlth   ..........              f - amulet of guardian spirit
HPRegen 0.18/turn               (no ring)
MPRegen 0.09/turn               (no ring)

@: no status effects
A: horns 2, retaliatory headbutt
a: no special abilities


You were on level 3 of the Dungeon.
You visited 1 branch of the dungeon, and saw 3 of its levels.

You collected 104 gold pieces.

Inventory:

Hand Weapons
 a - a +0 flail (weapon)
Armour
 b - a +0 scale mail (worn)
 c - a +0 buckler (worn)
 k - a +0 pair of gloves
Jewellery
 f - an amulet of guardian spirit (around neck)
Scrolls
 e - a scroll of identify
 g - a scroll of teleportation
 h - a scroll of torment
 i - a scroll of poison
 j - a scroll of blinking {unknown}
 m - a scroll of fog {unknown}
 o - a scroll of vulnerability {unknown}
Potions
 d - a potion of might
 l - a potion of heal wounds


   Skills:
 + Level 5.0 Fighting
 * Level 5.4 Maces & Flails
 + Level 5.0 Armour
 + Level 1.0 Dodging
 + Level 0.3 Stealth
 + Level 4.7 Shields


You had 5 spell levels left.
You didn't know any spells.
Your spell library contained the following spells:

 Spells                   Type           Power      Damage    Failure   Level
 Tukima's Dance           Hex            0%         N/A       99%         3
 Passage of Golubria      Tloc           0%         N/A       100%        4
 Yara's Violent Unravell  Hex/Tmut       0%         3d3       100%        5


Dungeon Overview and Level Annotations

Branches:
Dungeon (3/15)

Altars:
Qazlal


Innate Abilities, Weirdness & Mutations

You have a pair of horns on your head.
You reflexively headbutt those who attack you in melee.


Message History

You block the ball python's attack. The ball python barely misses you.
The orc shouts!
You sock the ball python!
You kill the ball python!
You miss something. Something hits you!
You miss something. Your headbutt misses something. Something hits you.
You closely miss something. Your headbutt misses something.
A bat comes into view.
Something hits you.
You sock something! Something hits you but does no damage.
Welcome back, Demigod47 the Minotaur Fighter.
Press ? for a list of commands and other information.
Deactivating autopickup; reactivate with Ctrl-A.
You hit something.
Reactivating autopickup.
You feel a bit more experienced. You block the bat's attack.
The orc closely misses you.
Your Dodging skill increases to level 1!
You barely miss the orc.
The orc hits you with a +2 rapier of speed.
You block the orc's attack.
You thump the orc!
You kill the orc!
The bat hits you but does no damage. The bat hits you.
Your Fighting skill increases to level 5!
You sock the orc!
You kill the orc!
You block the bat's attack.
No target in view!
No target in view!
No target in view!
Found a stone staircase leading down.
The bat hits you but does no damage. The bat hits you.
Items here: $ ( )))) [[ †††.
Okay, then.
Okay, then.
Okay, then.
Okay, then.
Unknown command.
Are you sure you want to abandon this character and quit the game? (Confirm with "yes".)

#...## .###.#
##...# ## #
#. ..#
##..##.#..##.
###....# ...
##..##.#..#
#.#.##..#
###....#
#..#.##..#
#..##@# #
###.b..#
#..##.# #.#.
.. .. # .##
>. #. . . ##


You could see a bat.

Vanquished Creatures
  Sigmund (D:2)
  A scorpion (D:3)
  An orc wizard (D:3)
  3 adders
  2 worms (D:2)
  2 dart slugs
  4 orcs (D:3)
  3 bats
  9 endoplasms
  3 giant cockroaches
  7 goblins
  4 hobgoblins
  3 jackals (D:3)
  2 quokkas
  7 ball pythons
  3 frilled lizards (D:1)
  2 kobolds
  5 rats
62 creatures vanquished.

Notes
Turn   | Place    | Note
-------+----------+-------------------------------------------
     0 | D:1      | Demigod47 the Minotaur Fighter began the quest for the Orb.
     0 | D:1      | Reached XP level 1. HP: 19/19 MP: 0/0
    36 | D:1      | Reached XP level 2. HP: 16/27 MP: 1/1
   756 | D:1      | Found a faded altar of an unknown god.
   809 | D:2      | Noticed Sigmund
   821 | D:2      | Killed Sigmund
   822 | D:2      | Reached XP level 3. HP: 34/34 MP: 2/2
   822 | D:2      | Reached XP level 4. HP: 41/41 MP: 3/3
   822 | D:2      | Reached XP level 5. HP: 47/47 MP: 4/4
  1245 | D:2      | Found a stormy altar of Qazlal.
  1891 | D:3      | Reached skill level 5 in Maces & Flails
  1891 | D:3      | Reached skill level 5 in Armour
  1891 | D:3      | Reached XP level 6. HP: 38/55 MP: 5/5
  2190 | D:3      | Reached skill level 1 in Dodging
  2192 | D:3      | Reached skill level 5 in Fighting
  2194 | D:3      | Quit the game

Illustrated notes

Levels and vault maps discovered:
D:1:      eino_arrival_tree_alley, layout_rooms,
          hellmonk_ecumenical_altar_prayer_group, hangedman_glass_teeth
D:2:      layout_rooms, basic_altar, minmay_tetromino_i2, uniq_sigmund
D:3:      layout_rooms, kennysheep_cluttered_room, nicolae_eternal_life,
          chequers_serial_rivers_room_a, corexii_corridor_pit

Skill      XL: |  1  2  3  4  5  6 |
---------------+-------------------+-----
Armour         | 4 5 |  5.0
Fighting       | 4 5 |  5.0
Shields        | 4 |  4.7
Maces & Flails | 4 5 |  5.4
Dodging        | 1 |  1.0
Stealth        | |  0.3

Action                   |  1- 3 |  4- 6 || total
-------------------------+-------+-------++-------
Melee: Flail             |    58 |   112 ||   170
       Headbutt          |     8 |    14 ||    22
  Use: Potion            |       |     6 ||     6
       Scroll            |       |     3 ||     3
Armor: Scale mail        |    31 |    50 ||    81
Dodge: Dodged            |    35 |    48 ||    83
Block: Buckler           |    18 |    22 ||    40
